 Dungeon Crawl Stone Soup version 0.31-a0-232-gb1c03b2570 (webtiles) character file.

Game seed: 17801579915501810524

51 qw the Shooter (level 3, -1/22 HPs)
             Began as a Gargoyle Hexslinger on July 6, 2023.
             Slain by Pikel
             ... wielding a +2 whip of flaming
              (5 damage)
             ... on level 4 of the Dungeon.
             The game lasted 00:00:50 (2342 turns).

qw the Shooter (Gargoyle Hexslinger)                Turns: 2342, Time: 00:00:51

Health: -1/22      AC:  8    Str: 11    XL:     3   Next: 83%
Magic:  4/4        EV: 10    Int: 13    God:
Gold:   113        SH:  0    Dex: 14    Spells: 3/4 levels left

rFire   . . .        Y - +1 sling
rCold   . . .        (no shield)
rNeg    + . .        i - +0 ring mail
rPois   inf          (no helmet)
rElec   +            (no cloak)
rCorr   .            (no gloves)
SInv    .            (no boots)
Will    .....        (no amulet)
Stlth   +            (no ring)
HPRegen 0.23/turn    (no ring)
MPRegen 0.09/turn

%: no passive effects
@: no status effects
A: sickness immunity, AC +3, negative energy resistance 1, electricity
resistance, torment resistance 1, petrification resistance
a: no special abilities


You were on level 4 of the Dungeon.
You visited 1 branch of the dungeon, and saw 4 of its levels.

You collected 178 gold pieces.
You spent 65 gold pieces at shops.


Innate Abilities, Weirdness & Mutations

You are immune to sickness and miasma.
Your stone body is resilient. (AC +3)
You are immune to poison.
You resist negative energy. (rN+)
You are resistant to electric shocks. (rElec)
You are resistant to unholy torment.
You are immune to petrification.


   Skills:
 - Level 2.3 Fighting
 + Level 3.4 Ranged Weapons
 - Level 1.5 Dodging
 - Level 1.0 Spellcasting
 - Level 2.6 Hexes


You had 3 spell levels left.
You knew the following spells:

 Your Spells              Type           Power      Damage    Failure   Level
a - Slow                  Hex            28%        N/A       22%         1

Your spell library contained the following spells:

 Spells                   Type           Power      Damage    Failure   Level
 Inner Flame              Hex/Fire       4%         N/A       75%         3
 Portal Projectile        Hex/Tloc       8%         N/A       75%         3
 Cause Fear               Hex            3%         N/A       92%         4

Inventory:

Hand Weapons
 Y - a +1 sling (weapon)
Armour
 i - a +0 ring mail (worn)
Jewellery
 l - a ring of ice
Scrolls
 k - 2 scrolls of identify
Potions
 a - a potion of curing
 c - a potion of might {unknown}
 e - a potion of cancellation {unknown}
 f - 2 potions of enlightenment {unknown}
 g - a potion of invisibility {unknown}
 h - a potion of berserk rage {unknown}

Dungeon Overview and Level Annotations

Branches:
Dungeon (4/15)
 Temple: D:4-7

Altars:
Dithmenos

Shops:
D:1 !   D:2 (

Annotations:
D:4 Pikel


Message History

HP restored.
Found 8 stones.
Found a stone staircase leading down.
You now have enough gold to buy a potion of cancellation on D:1, or buy a potion of mutation on D:1.
You can access your shopping list by pressing '$'.
You now have 113 gold pieces (gained 13).
f - 2 bubbling orange potions (gained 1)
k - 2 scrolls of identify (gained 1) Pikel, Merchant of Souls comes into view.
He is wielding a +2 whip of flaming.
Pikel shouts!
You hear a shout!
A lemure comes into view. x3
The lemure shouts!
You hear a shout!
Enter note:
Enter note: You shoot a sling bullet.
The lemure shouts!
The sling bullet hits the lemure but does no damage.
A lemure comes into view.
You shoot a sling bullet.
The sling bullet hits Pikel but does no damage.
You shoot a sling bullet.
The sling bullet hits Pikel but does no damage.
You hear a shout!
A hobgoblin comes into view.
You shoot a sling bullet.
The sling bullet closely misses the lemure.
Pikel closely misses you.
You shoot a sling bullet. The sling bullet barely misses Pikel.
The sling bullet hits the hobgoblin but does no damage.
Pikel barely misses you.
You shoot a sling bullet. The sling bullet closely misses Pikel.
Pikel barely misses you. The lemure hits you.
You shoot a sling bullet. The sling bullet misses Pikel.
Pikel hits you with a +2 whip of flaming.
Pikel burns you. The lemure closely misses you.
Pikel hits you with a +2 whip of flaming.
Pikel burns you. The hobgoblin hits you. The lemure hits you.
You shoot a sling bullet. The sling bullet barely misses Pikel.
Pikel hits you with a +2 whip of flaming.
You die...

#.. ..## #.## #..###..
..# ##. ......#####.#
... # #.....#.....#####.
#.#####.#........#......
#.......#...#.##.##.##.#
........#...#.##........
......g.#.#...#####...#.
.....55@..##### #......
......K#### #.#.#..
......5 #.##### .......
#. ###.... ## #....
#.... #....


You could see Pikel, 3 lemures and a hobgoblin.

Vanquished Creatures
  An adder (D:2)
  2 dart slugs
  2 bats
  6 endoplasms
  2 giant cockroaches (D:2)
  2 goblins
  4 hobgoblins
  3 quokkas
  3 ball pythons
  4 frilled lizards
  3 kobolds
  3 rats
35 creatures vanquished.

Notes
Turn   | Place    | Note
-------+----------+-------------------------------------------
     0 | D:1      | qw the Gargoyle Hexslinger began the quest for the Orb.
     0 | D:1      | Reached XP level 1. HP: 12/12 MP: 2/2
     0 | D:1      | 0 ||| qw: Version: 0.3-a-46-gb1f654a
     0 | D:1      | 0 ||| qw: Game counter: 2076
     0 | D:1      | 0 ||| qw: Melee chars always use a shield: true
     0 | D:1      | 0 ||| qw: God list: Okawaru
     0 | D:1      | 0 ||| qw: Allow faded altars: false
     0 | D:1      | 0 ||| qw: Do Orc after clearing Dungeon:15 true
     0 | D:1      | 0 ||| qw: Do second Lair branch before Depths: true
     0 | D:1      | 0 ||| qw: Lair rune preference: random
     0 | D:1      | 0 ||| qw: Goals: Normal
     0 | D:1      | 0 ||| PLANNING D:1-11
    19 | D:1      | 19 ||| DROPPING scroll of poison.
    80 | D:1      | You fall into a shaft and drop 1 floor!
   185 | D:2      | Found Xeaqazed's Weapon Emporium.
   194 | D:2      | 194 ||| SHOPLISTING +6 hand crossbow of Subterfuge {flame,
                  | Stlth+} (507 gold, have 19).
   226 | D:2      | Reached XP level 2. HP: 15/16 MP: 3/3
   356 | D:2      | 356 ||| UPGRADING to +0 leather armour.
   366 | D:2      | 366 ||| DROPPING +0 robe.
   367 | D:2      | 367 ||| READING scroll labelled UBUIFF OKITH.
   368 | D:2      | 368 ||| READING scroll labelled RUH WOPTIGHIOTOU.
   369 | D:2      | 369 ||| READING scroll labelled TUAKENT KORIO.
   370 | D:2      | 370 ||| DRINKING 2 green potions.
   371 | D:2      | 371 ||| DROPPING potion of attraction.
   392 | D:1      | Reached skill level 3 in Ranged Weapons
   419 | D:1      | Found a faded altar of an unknown god.
   445 | D:1      | Found Doerphu's Distillery.
   454 | D:1      | 454 ||| SHOPLISTING 2 potions of curing (78 gold, have 77).
   454 | D:1      | 454 ||| SHOPLISTING potion of cancellation (104 gold, have
                  | 77).
   454 | D:1      | 454 ||| BUYING potion of heal wounds (65 gold).
   454 | D:1      | Bought a potion of heal wounds for 65 gold pieces
   454 | D:1      | 454 ||| SHOPLISTING potion of heal wounds (65 gold, have
                  | 12).
   454 | D:1      | 454 ||| SHOPLISTING potion of mutation (104 gold, have 12).
  1051 | D:1      | 1051 ||| READING 3 scrolls labelled ILEVIWEOFE.
  1052 | D:1      | 1052 ||| READING scroll labelled FUYNUNLUPTE.
  1053 | D:1      | 1053 ||| DROPPING 2 scrolls of amnesia.
  1151 | D:2      | Reached XP level 3. HP: 20/22 MP: 4/4
  1683 | D:2      | 1683 ||| READING scroll labelled JEED CUAWU YGH.
  1684 | D:2      | 1684 ||| DRINKING 2 lumpy amethyst potions.
  1775 | D:3      | Found a shadowy altar of Dithmenos.
  2122 | D:3      | 2122 ||| UPGRADING to +0 ring mail.
  2132 | D:3      | 2132 ||| DROPPING +0 leather armour.
  2141 | D:3      | 2141 ||| READING scroll labelled ADAPSUY PAINN.
  2175 | D:4      | Noticed Grinder
  2182 | D:4      | Paralysed by Grinder for 5 turns
  2190 | D:4      | HP: 5/22 [Grinder (2)]
  2191 | D:4      | 2191 ||| DRINKING 3 potions of heal wounds.
  2194 | D:4      | 2194 ||| DRINKING 2 potions of heal wounds.
  2203 | D:4      | 2203 ||| FLEEEEING.
  2204 | D:4      | 2204 ||| FLEEEEING.
  2211 | D:4      | 2211 ||| STAIRDANCE
  2245 | D:4      | Paralysed by Grinder for 3 turns
  2253 | D:4      | Paralysed by Grinder for 3 turns
  2256 | D:4      | HP: 5/22 [Grinder (1)]
  2257 | D:4      | 2257 ||| DRINKING potion of heal wounds.
  2258 | D:4      | Paralysed by Grinder for 5 turns
  2334 | D:4      | Noticed Pikel
  2334 | D:4      | Noticed a lemure
  2334 | D:4      | Noticed a lemure
  2334 | D:4      | Noticed a lemure
  2335 | D:4      | Noticed a lemure
  2341 | D:4      | HP: 4/22 [lemure[Pikel] (4)]
  2342 | D:4      | Slain by Pikel

Levels and vault maps discovered:
D:1:      roderic_crop_circles_arrival_small, layout_basic, serial_shops, shop,
          dreamdust_ecumenical_altar_statues, minivault_24,
          chequers_serial_rivers_small_a, minmay_misc_feat_tiny,
          amcnicky_mini_rare_corridor_liquid
D:2:      layout_loops_corners, serial_shops, nicolae_square_shop,
          minmay_misc_feat_nine_boxes
D:3:      layout_rooms, general_overflow_altar
D:4:      layout_basic, minmay_puff, uniq_grinder, uniq_pikel

Skill      XL: |  1  2 |
---------------+-------+-----
Ranged Weapons | 3 |  3.4
Fighting       | 2 |  2.3
Dodging        | |  1.5
Spellcasting   | |  1.0
Hexes          | |  2.6

Action                     || total
---------------------------++-------
   Fire: Sling             ||   150
    Use: Scroll            ||     7
         Potion            ||     5
 Armour: Leather armour    ||     7
         Robe              ||     2
         Ring mail         ||    10
  Dodge: Dodged            ||    29

Table legend:
 A = Non-vault XP
 B = Vault XP
 C = Vault XP percentage of total XP
 D = Non-vault monster count
 E = Vault monster count
 F = Vault count percentage of total count
                 A         B        C        D         E       F
            +---------+---------+-------+---------+---------+-------
      Total |      74 |       0 |   0.0 |      35 |       0 |   0.0
            +---------+---------+-------+---------+---------+-------
        D:1 |      16 |       0 |   0.0 |      10 |       0 |   0.0
        D:2 |      41 |       0 |   0.0 |      16 |       0 |   0.0
        D:3 |      17 |       0 |   0.0 |       9 |       0 |   0.0
            +---------+---------+-------+---------+---------+-------
